 Dungeon Crawl Stone Soup version 0.29.1-1-gd02db6906a (webtiles) character file.

Game seed: 9889250045390483069

27300 vvl the Tainter (level 13, -4/98 HPs)
             Began as a Demonspawn Venom Mage on Sept 27, 2022.
             Was an Elder of Kikubaaqudgha.
             Slain by a white ugly thing (35 damage)
             ... on level 14 of the Dungeon.
             The game lasted 00:46:33 (19651 turns).

vvl the Tainter (Demonspawn Venom Mage)            Turns: 19651, Time: 00:46:34

Health: -4/98      AC: 15    Str:  8    XL:     13   Next: 3%
Magic:  0/24       EV: 15    Int: 20    God:    Kikubaaqudgha [****..]
Gold:   2253       SH:  0    Dex: 16    Spells: 9/27 levels left

rFire   . . .      SeeInvis .   D - +2 whip (elec)
rCold   . . .      Faith    .   (no shield)
rNeg    . . .      Spirit   +   k - +0 leather armour
rPois   .          Reflect  .   (no helmet)
rElec   .          Harm     +   g - +2 cloak "Ryjoloy" {Harm Will+}
rCorr   .          Rampage  .   a - +0 pair of gloves
Will    +....                   (no boots)
Stlth   ++........              (no amulet)
HPRegen 0.26/turn               x - +4 ring of protection
MPRegen 0.38/turn               z - ring of wizardry

@: about to teleport
A: molten scales 2, spiny 2, magic shield, magic regeneration, demonic touch 2
a: Renounce Religion, Unearth Wretches


You were on level 14 of the Dungeon.
You worshipped Kikubaaqudgha.
Kikubaaqudgha was greatly pleased with you.
You visited 3 branches of the dungeon, and saw 16 of its levels.
You also visited: Ossuary.

You collected 2253 gold pieces.

Inventory:

Hand Weapons
 D - a +2 whip of electrocution (weapon)
Armour
 a - a +0 pair of gloves (worn)
 g - the +2 cloak "Ryjoloy" (worn) {Harm Will+}
   (You found it on level 5 of the Dungeon)

   Harm:      It increases damage dealt and taken.
   Will:      It increases your willpower.
 k - a +0 leather armour (worn)
Jewellery
 r - a ring of flight
 x - a +4 ring of protection (left hand)
 z - a ring of wizardry (right hand)
 M - an amulet of magic regeneration
Wands
 d - a wand of charming (3)
 l - a wand of digging (8)
 q - a wand of mindburst (8)
 u - a wand of roots (17)
 w - a wand of polymorph (8)
 J - a wand of flame (6)
Scrolls
 e - 6 scrolls of teleportation
 n - 2 scrolls of magic mapping
 s - a scroll of enchant armour
 v - 4 scrolls of vulnerability
 y - 2 scrolls of silence
 B - 6 scrolls of enchant weapon
 C - 3 scrolls of poison
 E - a scroll of immolation
 F - a scroll of torment
 I - a scroll of blinking
 K - a scroll of amnesia {unknown}
 L - a scroll of butterflies
Potions
 b - 5 potions of magic
 c - 9 potions of curing
 f - a potion of resistance
 h - 2 potions of heal wounds
 i - 6 potions of lignification
 j - 2 potions of flight
 m - 6 potions of haste
 o - 3 potions of might
 p - 3 potions of ambrosia
 t - 3 potions of cancellation {unknown}
 A - 2 potions of attraction {unknown}
 G - 4 potions of mutation {unknown}
 H - a potion of brilliance


   Skills:
 + Level 8.2 Fighting
 - Level 7.0 Armour
 + Level 7.2 Dodging
 - Level 2.0 Stealth
 + Level 7.9 Spellcasting
 + Level 7.5 Conjurations
 + Level 7.3 Necromancy
 - Level 4.0 Transmutations
 + Level 6.7 Earth Magic
 - Level 9.0 Poison Magic


You had 9 spell levels left.
You knew the following spells:

 Your Spells              Type           Power      Damage    Failure   Level
a - Sting                 Tmut/Pois      100%       1d8       1%          1
b - Olgreb's Toxic Radia  Pois           43%        N/A       1%          4
c - Animate Dead          Necr           37%        N/A       2%          4
d - Dispel Undead         Necr           37%        3d15      2%          4
e - Borgnjor's Vile Clut  Necr/Erth      18%        N/A       8%          5

Your spell library contained the following spells:

 Spells                   Type           Power      Damage    Failure   Level
 Necrotise                Necr           100%       1d9       1%          1
 Poisonous Vapours        Pois/Air       50%        N/A       1%          2
 Mephitic Cloud           Conj/Pois/Air  30%        N/A       1%          3
 Vampiric Draining        Necr           37%        2d8       1%          3
 Corpse Rot               Necr/Pois/Air  29%        N/A       4%          4
 Agony                    Necr           37%        N/A       6%          5
 Blink                    Tloc           14%        N/A       8%          2
 Anguish                  Hex/Necr       11%        N/A       11%         4
 Lesser Beckoning         Tloc           7%         N/A       14%         3
 Death Channel            Necr           18%        N/A       32%         6
 Passage of Golubria      Tloc           7%         N/A       41%         4
 Summon Lightning Spire   Summ/Air       7%         N/A       41%         4
 Manifold Assault         Tloc           7%         N/A       75%         5
 Silence                  Hex/Air        3%         N/A       75%         5
 Haunt                    Necr/Summ      11%        N/A       100%        7
 Storm Form               Tmut/Air       7%         N/A       100%        7
 Infestation              Necr           18%        N/A       100%        8
 Lehudib's Crystal Spear  Conj/Erth      18%        10d5      100%        8
 Maxwell's Capacitive Co  Air            3%         ∞         100%        8


Dungeon Overview and Level Annotations

Branches:
Dungeon (14/15)            Temple (1/1) D:7            Lair (1/5) D:8
    Orc (0/2) D:11         Vaults (0/5) D:13        Ossuary (visited)

Altars:
Ashenzari
Cheibriados
Dithmenos
Fedhas
Gozag
Hepliaklqana
Kikubaaqudgha
Makhleb
Nemelex Xobeh
Okawaru
Qazlal
Ru
Sif Muna
Trog
Uskayaw
Vehumet
Wu Jian
Xom
Yredelemnul

Shops:
D:8 *   D:12 (

Portals:
Trove: D:11 (give 12 potions of heal wounds)


Innate Abilities, Weirdness & Mutations

You are mostly covered in molten scales. (AC +3)
You are mostly covered in sharp spines.
When hurt, damage is shared between your health and your magic reserves.
You regenerate magic rapidly.
Your touch may inflict irresistible damage on your foes.


Message History

The catoblepas bellows!
You hit the manticore.
The manticore is almost dead.
You carefully extract the barbed spikes from your body.
The zombie hands constrict the purple ugly thing.
The zombie hands constrict the purple ugly thing!
The purple ugly thing basks in the mutagenic energy from its kin and changes!
The catoblepas snuffles in challenge.
The manticore closely misses you. The manticore barely misses you.
The manticore claws you but does no damage.
A centaur warrior comes into view.
As you read the scroll of teleportation, it crumbles to dust.
You feel strangely unstable.
The zombie hands constrict the white ugly thing!
The zombie hands constrict the purple ugly thing!
You kill the purple ugly thing!
Kikubaaqudgha accepts your kill. The purple ugly thing headbutts you.
The purple ugly thing trunk-slaps you but does no damage.
The manticore misses you. The manticore claws you! The manticore claws you.
Unknown command.
You barely miss the purple ugly thing.
The purple ugly thing is heavily wounded.
The zombie hands constrict the white ugly thing!
The zombie hands release their grip on the white ugly thing.
The purple ugly thing headbutts you! The purple ugly thing trunk-slaps you!
The catoblepas breathes a plume of calcifying dust at you.
The blast of calcifying dust hits the centaur warrior.
The centaur warrior shouts!
The blast of calcifying dust hits the white ugly thing.
The blast of calcifying dust hits you. The manticore is struck by your spines.
You kill the manticore!
Kikubaaqudgha accepts your kill.
The centaur warrior is engulfed in calcifying dust.
The centaur warrior is moving more slowly.
The white ugly thing is engulfed in calcifying dust.
The white ugly thing is moving more slowly.
The white ugly thing headbutts you! The white ugly thing freezes you!!
You die...
Kikubaaqudgha rasps: "You have failed me!
Welcome... death!"

#.......... #..#
#.......#. #..#
#...####. ###..#
#..†....Z .....
##..#...#. ###.Y.#
#..####.## ...§†##
##.# #..' #####c#uc#
###..# ####
#....Ju@.# #...## #
#.....#u#####...# #
#.######...#......# #
#..............#.##
##########......#.#.#
#......# #......#.#.#
#.####.# #......#.#.#
#.# #.#
#..(...#.#.#######
#.# #.#
#......'..........


You could see a catoblepas, 3 ugly things, a slime creature and 2 centaur
warriors.

Vanquished Creatures
  Josephine (D:11)
  A boulder beetle (D:11)
  4 centaur warriors (D:13)
  A two-headed ogre (D:9)
  2 dancing weapons (D:13)
  2 tengu warriors (D:11)
  Lodul (D:13)
  Pikel (D:4)
  A deep elf pyromancer (D:13)
  2 ugly things (D:14)
  2 cyclopes
  4 manticores
  2 gargoyles
  Psyche (D:8)
  A rime drake (Lair:1)
  A kobold demonologist (D:11)
  A komodo dragon (D:11)
  5 trolls
  Prince Ribbit (D:7)
  A centaur simulacrum (D:14)
  A culicivora (shapeshifter) (D:13)
  Sigmund (D:3)
  5 wyverns
  21 yaks
  4 wraiths (D:11)
  4 basilisks
  A steam dragon (D:4)
  A warg (D:11)
  Menkaure (D:4)
  6 vampire mosquitoes
  2 acid dragons (D:9)
  Duvessa (D:6)
  8 water moccasins
  2 sky beasts
  8 orc warriors
  An ice beast (D:6)
  A black bear (D:7)
  9 ogres
  2 phantoms
  9 centaurs
  3 lemures (D:4)
  A kobold brigand (D:8)
  4 bullfrogs
  A necrophage (D:6)
  3 scorpions
  4 water moccasin zombies (Ossuary)
  7 wights (D:9)
  Dowan (D:6)
  14 killer bees
  4 howler monkeys
  A jelly (D:6)
  3 hounds
  4 orc priests
  2 gnoll boudas
  2 iguanas
  Jessica (D:3)
  Ijyb (D:3)
  Terence (D:3)
  3 orc wizards
  2 mummies (Ossuary)
  6 gnolls
  8 adders
  A river rat (D:6)
  A shadow imp (D:6)
  A white imp (D:7)
  6 adder zombies (Ossuary)
  5 worms
  2 dart slugs (D:2)
  46 orcs
  5 ball pythons
  8 bats
  7 endoplasms
  3 giant cockroaches
  7 goblins
  3 hobgoblins
  12 jackals
  13 kobolds
  5 quokkas
  5 frilled lizards
  2 gnoll zombies (Ossuary)
  7 hobgoblin zombies (Ossuary)
  3 kobold zombies (Ossuary)
  3 orc zombies (Ossuary)
  10 rats
354 creatures vanquished.

Vanquished Creatures (collateral kills)
  An ugly thing (D:14)
  2 vampire mosquitoes (D:14)
  An ogre (D:13)
4 creatures vanquished.

Vanquished Creatures (others)
  An ugly thing zombie (D:14)
  3 vampire mosquito zombies (D:14)
  An ogre zombie (D:13)
  6 fungi
  25 plants
36 creatures vanquished.

Grand Total: 394 creatures vanquished

Notes
Turn   | Place    | Note
-------+----------+-------------------------------------------
     0 | D:1      | vvl the Demonspawn Venom Mage began the quest for the Orb.
     0 | D:1      | Reached XP level 1. HP: 13/13 MP: 3/3
   140 | D:1      | Reached skill level 1 in Transmutations
   384 | D:1      | Gained mutation: You are partially covered in molten
                  | scales. (AC +2) [demonic ancestry]
   384 | D:1      | Reached XP level 2. HP: 19/20 MP: 0/5
   740 | D:1      | Found a faded altar of an unknown god.
  1282 | D:2      | Gained mutation: You regenerate magic rapidly. [demonic
                  | ancestry]
  1282 | D:2      | Reached XP level 3. HP: 17/25 MP: 0/6
  2004 | D:2      | Reached skill level 1 in Fighting
  2480 | D:2      | Reached XP level 4. HP: 32/32 MP: 3/7
  2641 | D:2      | Reached skill level 1 in Armour
  3001 | D:3      | Found a stormy altar of Qazlal.
  3108 | D:3      | Noticed Jessica
  3113 | D:3      | Killed Jessica
  3114 | D:3      | Reached skill level 4 in Poison Magic
  3299 | D:3      | Gained mutation: Your touch may inflict minor irresistible
                  | damage on your foes. [demonic ancestry]
  3299 | D:3      | Reached XP level 5. HP: 37/37 MP: 6/9
  3312 | D:3      | Noticed Terence
  3330 | D:3      | Killed Terence
  3579 | D:3      | Noticed Ijyb
  3592 | D:3      | Killed Ijyb
  3796 | D:3      | Noticed Sigmund
  3805 | D:3      | Killed Sigmund
  3806 | D:3      | Gained mutation: You are partially covered in sharp spines.
                  | [demonic ancestry]
  3806 | D:3      | Reached XP level 6. HP: 40/44 MP: 2/10
  4209 | D:4      | Reached skill level 5 in Poison Magic
  4251 | D:4      | Noticed a steam dragon
  4264 | D:4      | Killed a steam dragon
  4265 | D:4      | Reached XP level 7. HP: 28/51 MP: 6/12
  4517 | D:4      | Learned a level 4 spell: Olgreb's Toxic Radiance
  5036 | D:5      | Entered Level 5 of the Dungeon
  5115 | D:5      | Noticed Menkaure
  5122 | D:5      | Noticed Pikel
  5540 | D:4      | Reached skill level 1 in Conjurations
  5632 | D:4      | Killed Menkaure
  5633 | D:4      | Reached skill level 1 in Earth Magic
  5645 | D:4      | Killed Pikel
  5646 | D:4      | Gained mutation: You are mostly covered in molten scales.
                  | (AC +3) [demonic ancestry]
  5646 | D:4      | Reached XP level 8. HP: 13/59 MP: 7/14
  6025 | D:5      | Found a burning altar of Makhleb.
  6091 | D:5      | Identified the +2 cloak "Ryjoloy" {Harm Will+}
  6239 | D:5      | Identified a scroll of acquirement
  6240 | D:5      | Acquired 708 gold pieces
  6265 | D:6      | Noticed Duvessa
  6265 | D:6      | Noticed Dowan
  6270 | D:6      | Killed Duvessa
  6272 | D:6      | Killed Dowan
  6355 | D:6      | Reached skill level 6 in Poison Magic
  6496 | D:6      | Found a shadowy altar of Dithmenos.
  6625 | D:6      | Found a sacrificial altar of Ru.
  6794 | D:6      | Gained mutation: You are mostly covered in sharp spines.
                  | [demonic ancestry]
  6794 | D:6      | Reached XP level 9. HP: 61/65 MP: 11/15
  7186 | D:7      | Found a staircase to the Ecumenical Temple.
  7205 | D:7      | Found a sand-covered staircase.
  7213 | Ossuary  | Entered an ossuary
  7882 | D:7      | Reached skill level 1 in Necromancy
  7922 | D:7      | Reached skill level 5 in Spellcasting
  8435 | D:7      | Noticed Prince Ribbit
  8438 | D:7      | Killed Prince Ribbit
  8615 | Temple   | Entered the Ecumenical Temple
  8713 | Temple   | Became a worshipper of Kikubaaqudgha
  8826 | D:8      | Noticed Psyche
  8834 | D:8      | Killed Psyche
  8835 | D:8      | Reached skill level 5 in Fighting
  8933 | D:8      | Reached XP level 10. HP: 38/74 MP: 13/18
  9007 | D:8      | Noticed a manticore
  9018 | D:8      | Killed a manticore
  9019 | D:8      | Reached skill level 7 in Poison Magic
  9633 | D:8      | Found Tamubag's General Store.
  9674 | D:8      | Reached skill level 5 in Armour
  9803 | D:8      | Found a hazy altar of Hepliaklqana.
  9809 | D:8      | Reached * piety under Kikubaaqudgha
  9809 | D:8      | Received a gift from Kikubaaqudgha
 10034 | D:8      | Found a staircase to the Lair.
 10404 | D:8      | Reached skill level 5 in Dodging
 11007 | D:9      | Reached skill level 5 in Conjurations
 11142 | D:9      | Learned a level 4 spell: Animate Dead
 11182 | D:9      | Reached ** piety under Kikubaaqudgha
 11601 | Lair:1   | Entered Level 1 of the Lair of Beasts
 11607 | Lair:1   | Reached XP level 11. HP: 81/81 MP: 20/20
 11911 | Lair:1   | Noticed a four-headed hydra
 13024 | D:9      | Found a blossoming altar of Fedhas.
 13029 | D:9      | Noticed a two-headed ogre
 13042 | D:9      | Killed a two-headed ogre
 13474 | D:10     | Entered Level 10 of the Dungeon
 13501 | D:10     | Reached skill level 5 in Earth Magic
 13785 | D:10     | Reached skill level 5 in Necromancy
 13788 | D:10     | Reached skill level 8 in Poison Magic
 13947 | D:10     | Found a hide-covered altar of Uskayaw.
 14342 | D:10     | Reached *** piety under Kikubaaqudgha
 14342 | D:10     | Received a gift from Kikubaaqudgha
 14939 | D:11     | Found a staircase to the Orcish Mines.
 15144 | D:11     | Noticed a tengu warrior
 15145 | D:11     | Noticed a boulder beetle
 15149 | D:11     | Noticed a tengu warrior
 15403 | D:10     | Learned a level 4 spell: Dispel Undead
 15409 | D:10     | Learned a level 5 spell: Borgnjor's Vile Clutch
 15426 | D:11     | Killed a tengu warrior
 15431 | D:11     | Killed a tengu warrior
 15712 | D:11     | Noticed Josephine
 15727 | D:11     | Noticed a two-headed ogre
 16074 | D:11     | Found a portal to a secret trove of treasure.
 16156 | D:11     | Gained mutation: Your touch may inflict irresistible damage
                  | on your foes. [demonic ancestry]
 16156 | D:11     | Reached XP level 12. HP: 67/88 MP: 22/22
 16490 | D:11     | Killed a boulder beetle
 16899 | D:11     | Killed Josephine
 17286 | D:12     | Found Bitin's Weapon Emporium.
 17406 | D:12     | Found a gate leading to a gauntlet.
 17836 | D:13     | Noticed a centaur warrior
 17843 | D:13     | Killed a centaur warrior
 18071 | D:13     | Noticed a centaur warrior
 18072 | D:13     | Noticed a centaur warrior
 18074 | D:13     | Reached **** piety under Kikubaaqudgha
 18081 | D:13     | Killed a centaur warrior
 18084 | D:13     | Killed a centaur warrior
 18444 | D:13     | Noticed a centaur warrior
 18451 | D:13     | Killed a centaur warrior
 18452 | D:13     | Reached skill level 9 in Poison Magic
 18700 | D:13     | Noticed Lodul
 18715 | D:13     | Killed Lodul
 18729 | D:13     | Found a gate to the Vaults.
 19469 | D:14     | Gained mutation: When hurt, damage is shared between your
                  | health and your magic reserves. [demonic ancestry]
 19469 | D:14     | Reached XP level 13. HP: 55/98 MP: 24/24
 19651 | D:14     | Slain by a white ugly thing

Illustrated notes

Levels and vault maps discovered:
D:1:      saegor_arrival_miasma, layout_basic, basic_ecumenical_altar,
          minmay_tromino_v7
D:2:      layout_loops_corners, minmay_misc_feat_rows, hangedman_decor_push
D:3:      layout_loops_corners, grunt_qazlal_sundering, kennysheep_doodads,
          uniq_terence, uniq_sigmund, uniq_ijyb, uniq_jessica
D:4:      layout_loops_ring, glass_columns_a, dk_vineyard_3
D:5:      layout_rooms, old_standard_altar, uniq_menkaure, uniq_pikel
D:6:      layout_basic, mainiacjoe_overflow_surrounded_room,
          nicolae_ru_the_path_less_chosen, gup_sewer_entry_bubbles, uniq_duvessa
D:7:      layout_basic, minmay_temple_entry_mini_moons,
          nicolae_ossuary_entry_monument, uniq_prince_ribbit1
D:8:      layout_loops_ring, mainiacjoe_overflow_paths, minmay_lair_entry_grove,
          serial_shops, kennysheep_mini_moat, hangedman_abyss_or_decor_clamps,
          uniq_psyche
D:9:      layout_long_grid, old_standard_altar, hex_tiny, minivault_22
D:10:     layout_roguey [special_room_orc], good_gods_temple_1,
          nicolae_uskayaw_murder_on_the_dancefloor
D:11:     layout_basic, david_orc_3, nicolae_trove_entry_crystal,
          serial_co_window_serial, co_window_corner_a,
          co_window_of_opportunity_a, co_window_corner_a,
          co_window_of_opportunity_a, co_window_corner_a, co_window_paths_a,
          co_window_paths_b, co_window_paths_c, co_window_corner_b,
          co_window_corner_b, co_window_4corner_b, glass_columns_a, uniq_snorg,
          uniq_josephine
D:12:     layout_irregular_city, serial_shops, nicolae_shop_advertising_works
          [nicolae_subvault_shop_adworks], gauntlet_entry_generic
D:13:     layout_rooms, erik_vaults_1, uniq_lodul
D:14:     layout_basic, fedhas_altar_3, minmay_ruined_shrine
Temple:   nicolae_temple_godzebo
Lair:1:   layout_regular_city, serial_bayou_shore_a, grunt_megastairs_5,
          uniq_urug

Skill      XL: |  1  2  3  4  5  6  7  8  9 10 11 12 |
---------------+-------------------------------------+-----
Transmutations | 1 2 3 4 |  4.0
Stealth        | 2 |  2.0
Dodging        | 2 3 4 5 6 7 |  7.2
Fighting       | 1 2 3 4 5 6 7 8 |  8.2
Armour         | 1 2 3 4 5 6 7 |  7.0
Poison Magic   | 4 5 6 7 8 9 |  9.0
Spellcasting   | 3 4 5 6 7 |  7.9
Conjurations   | 2 4 5 6 7 |  7.5
Earth Magic    | 1 2 3 4 5 6 |  6.7
Necromancy     | 2 4 5 7 |  7.3

Action                   |  1- 3 |  4- 6 |  7- 9 | 10-12 | 13-15 || total
-------------------------+-------+-------+-------+-------+-------++-------
Melee: Unarmed           |    19 |     6 |       |       |       ||    25
       Short sword       |    39 |    47 |    44 |       |       ||   130
       Touch             |       |     2 |    37 |    64 |       ||   103
       Whip              |       |       |   133 |   283 |     4 ||   420
       Punch             |       |       |     3 |     1 |       ||     4
 Cast: Sting             |    63 |    92 |    27 |    61 |       ||   243
       Olgreb's Toxic Ra |       |       |    14 |    37 |     1 ||    52
       Borgnjor's Vile C |       |       |       |    20 |     2 ||    22
       Dispel Undead     |       |       |       |     6 |       ||     6
       Animate Dead      |       |       |       |     2 |       ||     2
Evoke: Wand              |       |       |       |     6 |       ||     6
  Use: Potion            |       |       |     3 |     3 |       ||     6
       Scroll            |       |       |    16 |    12 |     1 ||    29
 Stab: Sleeping          |       |     3 |     5 |     3 |       ||    11
Armor: Robe              |    25 |       |       |       |       ||    25
       Leather armour    |     8 |    34 |    76 |   145 |     4 ||   267
Dodge: Dodged            |    50 |    60 |   117 |   254 |     6 ||   487
